 Dungeon Crawl Stone Soup version 0.30.0-18-gc0e69614cb (webtiles) character file.

Game seed: 250720919211595642

32022 olmar the Blocker (level 13, -14/99 HPs)
             Began as a Gnoll Wanderer on May 25, 2023.
             Was an Initiate of Gozag.
             Killed from afar by a death drake (19 damage)
             ... with a foul vapour
             ... in a Gauntlet.
             The game lasted 00:42:17 (15190 turns).

olmar the Blocker (Gnoll Wanderer)                 Turns: 15190, Time: 00:42:18

Health: -14/99     AC: 11    Str: 10    XL:     13   Next: 61%
Magic:  20/25      EV: 18    Int: 16    God:    Gozag
Gold:   133        SH:  9    Dex: 22    Spells: 17/29 levels left

rFire   + . .        n - +12 war axe of Pezotad {venom, rF+ rCorr SInv}
rCold   + + .        d - +1 buckler
rNeg    . . .        g - +2 robe {rC+}
rPois   +            I - +1 helmet of Dyspraxia {rCorr Str-2 Dex+7}
rElec   .            t - scarf {repulsion}
rCorr   +            (no gloves)
SInv    +            (no boots)
Will    .....        O - amulet of magic regeneration
Stlth   ++++         P - ring of Epno {+Blink AC+4 Str+3}
HPRegen 0.36/turn    K - ring of protection from cold
MPRegen 0.59/turn

%: no teleportation, repel missiles
@: slowed, very slow
A: fangs 1, strong nose, distributed training, poison resistance
a: Renounce Religion, Evoke Blink, Potion Petition, Call Merchant, Bribe Branch


You were in a Gauntlet.
You worshipped Gozag.
Gozag was aware of your devotion.
You visited 2 branches of the dungeon, and saw 13 of its levels.
You also visited: Sewer, Ossuary and Gauntlet.

You collected 3806 gold pieces.
You spent 1321 gold pieces at shops.
You paid 2352 gold pieces to Gozag.

Inventory:

Hand Weapons
 n - the +12 war axe of Pezotad (weapon) {venom, rF+ rCorr SInv}
   (You bought it in a shop on level 12 of the Dungeon)

   rF:        It protects you from fire.
   SInv:      It lets you see invisible.
   rCorr:     It protects you from acid and corrosion.
 r - a +2 dagger of venom
 x - a +4 scimitar of flaming
 L - a +1 flail of holy wrath
 Q - a +4 vampiric dagger
 Y - a +2 broad axe of flaming
Missiles
 h - 11 atropa-tipped darts
 i - 57 poisoned darts
 G - 6 boomerangs
 V - 3 curare-tipped darts
Armour
 c - a +0 robe
 d - a +1 buckler (worn)
 g - a +2 robe of cold resistance (worn)
 t - a scarf of repulsion (worn)
 B - a +1 cloak
 I - the +1 helmet of Dyspraxia (worn) {rCorr Str-2 Dex+7}
   (You found it on level 5 of the Dungeon)

   Str:       It affects your strength (-2).
   Dex:       It affects your dexterity (+7).
   rCorr:     It protects you from acid and corrosion.
 W - +0 steam dragon scales
Magical Staves
 w - a staff of poison
Jewellery
 y - a +5 ring of evasion
 K - a ring of protection from cold (right hand)
 O - an amulet of magic regeneration (around neck)
 P - the ring of Epno (left hand) {+Blink AC+4 Str+3}
   (You bought it in a shop on level 12 of the Dungeon)

   [ring of protection]

   AC:        It affects your AC (+4).
   Str:       It affects your strength (+3).
   +Blink:    It lets you blink.
 R - a +6 ring of dexterity
 T - a +6 ring of strength
Wands
 a - a wand of charming (3)
 f - a wand of quicksilver (2)
 u - a wand of polymorph (11)
 S - a wand of iceblast (7) (quivered)
Scrolls
 l - 3 scrolls of noise
 o - 2 scrolls of immolation
 s - a scroll of amnesia
 E - 2 scrolls of teleportation
 F - a scroll of fog
 H - 3 scrolls of vulnerability
 J - a scroll of enchant armour
Potions
 b - 4 potions of might
 j - 4 potions of flight
 k - a potion of curing
 m - a potion of magic
 p - 2 potions of attraction
 v - 2 potions of ambrosia
 z - 4 potions of brilliance
 A - 5 potions of haste
 C - a potion of mutation {unknown}
 D - 3 potions of cancellation
 M - 4 potions of degeneration {unknown}
 N - 2 potions of berserk rage {unknown}


   Skills:
 + Level 8.3 Fighting
 + Level 8.3 Short Blades
 + Level 8.3 Long Blades
 + Level 8.3 Axes
 + Level 8.3 Maces & Flails
 + Level 8.3 Polearms
 + Level 8.3 Staves
 + Level 8.3 Ranged Weapons
 + Level 8.3 Throwing
 + Level 8.3 Armour
 + Level 8.3 Dodging
 + Level 8.7 Stealth
 + Level 10.6 Shields
 + Level 8.3 Unarmed Combat
 + Level 8.9 Spellcasting
 + Level 6.9 Conjurations
 + Level 6.9 Hexes
 + Level 7.3 Summonings
 + Level 6.9 Necromancy
 + Level 6.9 Translocations
 + Level 6.9 Transmutations
 + Level 6.9 Fire Magic
 + Level 6.9 Ice Magic
 + Level 10.0 Air Magic
 + Level 6.9 Earth Magic
 + Level 6.9 Poison Magic
 + Level 9.1 Invocations
 + Level 8.3 Evocations


You had 17 spell levels left.
You knew the following spells:

 Your Spells              Type           Power      Damage    Failure   Level
a - Shock                 Conj/Air       100%       1d9       1%          1
b - Summon Small Mammal   Summ           100%       N/A       1%          1
c - Poisonous Vapours     Pois/Air       68%        N/A       1%          2
d - Call Canine Familiar  Summ           30%        N/A       1%          3
e - Wereblood             Tmut           29%        N/A       1%          2
f - Vampiric Draining     Necr           29%        2d8       2%          3

Your spell library contained the following spells:

 Spells                   Type           Power      Damage    Failure   Level
 Sandblast                Erth           58%        2d13      1%          1
 Slow                     Hex            100%       N/A       1%          1
 Sting                    Tmut/Pois      100%       1d8       1%          1
 Cigotuvi's Dreadful Rot  Necr/Pois/Air  64%        N/A       1%          2
 Swiftness                Air            39%        N/A       1%          3
 Airstrike                Air            19%        2d(3-19)  1%          4
 Confusing Touch          Hex            29%        N/A       2%          3
 Spider Form              Tmut/Pois      29%        N/A       2%          3
 Volatile Blastmotes      Fire/Tloc      58%        2d14      2%          3
 Summon Lightning Spire   Summ/Air       34%        N/A       3%          4
 Fulminant Prism          Conj/Hex       14%        3d8       8%          4
 Iskenderun's Mystic Bla  Conj/Tloc      29%        2d7       8%          4
 Olgreb's Toxic Radiance  Pois           29%        N/A       8%          4
 Blade Hands              Tmut           14%        N/A       21%         5
 Lee's Rapid Deconstruct  Erth           14%        3d9*      21%         5
 Lehudib's Crystal Spear  Conj/Erth      14%        10d5      100%        8


Dungeon Overview and Level Annotations

Branches:
Dungeon (12/15)            Temple (1/1) D:5            Lair (0/5) D:10
    Orc (0/2) D:10          Sewer (visited)         Ossuary (visited)
Gauntlet (1/1)

Altars:
Ashenzari
Cheibriados
Dithmenos
Elyvilon
Fedhas
Gozag
Kikubaaqudgha
Makhleb
Nemelex Xobeh
Okawaru
Qazlal
Ru
Sif Muna
Trog
Uskayaw
Vehumet
Wu Jian
Xom
Yredelemnul
Zin
The Shining One

Shops:
D:3 [   D:12 =(

Annotations:
D:5 1 runed translucent door, Crazy Yiuf
D:10 3 runed translucent doors, Loveship's ghost, novice BaGl Gauntlet 13 transporters, exclusion: 2 lightning spires


Innate Abilities, Weirdness & Mutations

You have very sharp teeth.
Your uncanny sense of smell can sniff out nearby items.
Your experience applies equally to all skills.
Your system is resistant to poisons. (rPois)


Message History

You feel better.
You are engulfed in dark miasma.
You feel as though you will be slow longer.
The death drake breathes miasma at you. The foul vapour engulfs you!!
You feel as though you will be slow longer.
* * * LOW HITPOINT WARNING * * *
You block the spectral centaur warrior's attack. x2
You block the death drake's attack.
The spectral centaur warrior misses you.
The spectral centaur warrior completely misses you.
Unknown command.
Okay, then.
Okay, then.
Okay, then.
Aiming: Quicksilver Bolt
Press: ? - help, Shift-Dir - straight line The bolt of dispelling energy hits the death drake!!
The death drake is severely wounded.
The death drake breathes miasma at you. The foul vapour misses you.
The spectral centaur warrior hits you but does no damage.
The spectral centaur warrior misses you.
You block the death drake's attack.
The spectral centaur warrior hits you but does no damage.
The spectral centaur warrior kicks you but does no damage.
Unknown command.
Aiming: Quicksilver Bolt
Press: ? - help, Shift-Dir - straight line The bolt of dispelling energy hits the death drake!!
The death drake is almost dead.
The bolt of dispelling energy hits the spectral centaur warrior!!
The spectral centaur warrior is severely damaged.
You are engulfed in dark miasma.
* * * LOW HITPOINT WARNING * * *
The spectral centaur warrior misses you. x2
The death drake breathes miasma at you. The foul vapour engulfs you!!
You feel as though you will be slow longer.
You die...
Your body crumbles into a pile of gold.

#8#.......................
###.###########.##########
#.#..."©[$..#.#3..?©[=..
###.##.##.##.##.#2#.#.#.#.
#8#.##.#####°##.#..#.#.#..
###.#k..k§°°#.#.#.#.#.#.#.
#.###.#.Z#..#.#..#.©.#..
###.###.##k##.#.#.#.#.#.#.
#8#.##..#@Z#.##.#..#.#.#..
###.#.##°##°###.#.#.#.#.#.
#.#.##°##.###.#2........
###.######################
#8#.....#©...........©....
###≈....#############.####
####..............#.#§§8
#8#..............#.####
###############..#.#...


You could see a death drake (catching breath) and 2 spectral centaur warriors.

Vanquished Creatures
  An ice dragon (D:12)
  A boulder beetle (D:12)
  A two-headed ogre (D:11)
  Urug (D:11)
  An ugly thing (D:12)
  A manticore (D:12)
  2 cyclopes
  Joseph (D:10)
  Maggie (D:10)
  5 kobold demonologists
  An efreet (D:9)
  2 komodo dragons (D:12)
  A rime drake (D:10)
  A troll (D:10)
  A polar bear (D:10)
  A slime creature (D:12)
  5 flying skulls (Gauntlet)
  3 shadows
  A wyvern (D:9)
  3 wraiths
  7 yaks
  3 steam dragons
  A human (shapeshifter) (D:12)
  10 vampire mosquitoes
  An acid dragon (D:12)
  A water moccasin (D:7)
  Pargi (Sewer)
  3 orc warriors
  6 ice beasts
  2 sky beasts (D:8)
  A black bear (D:6)
  A hornet zombie (Ossuary)
  2 ogres
  A wolf (D:10)
  6 centaurs
  2 phantoms
  2 bullfrogs
  8 kobold brigands
  A gnoll sergeant (D:12)
  7 scorpions
  A wyvern zombie (Ossuary)
  7 wights
  5 killer bees (D:9)
  7 howler monkeys
  6 centaur zombies (Ossuary)
  4 bullfrog zombies (Ossuary)
  3 hounds
  3 jellies
  11 orc priests
  3 iron imps (D:8)
  A sleepcap (D:4)
  An iguana (D:6)
  6 orc wizards
  3 killer bee zombies (Ossuary)
  13 mummies (Ossuary)
  A howler monkey zombie (Ossuary)
  8 gnolls
  9 adders
  3 white imps
  2 ufetubi
  2 worms (D:3)
  42 orcs
  3 bats
  8 endoplasms
  3 giant cockroaches
  7 hobgoblins
  6 jackals
  37 kobolds
  6 quokkas
  9 ball pythons
  2 frilled lizards
  6 goblins
  5 rats
333 creatures vanquished.

Vanquished Creatures (collateral kills)
  A kobold demonologist (D:10)
  A centaur (D:9)
  Blork the orc (D:5)
  2 wights (D:9)
  A howler monkey (D:12)
  A bullfrog zombie (Ossuary)
  A hound (D:5)
  An orc priest (D:5)
  A killer bee zombie (Ossuary)
  A gnoll (D:6)
  6 orcs
  5 kobolds
22 creatures vanquished.

Vanquished Creatures (others)
  A shadow (D:10)
  A yak (D:10)
2 creatures vanquished.

Grand Total: 357 creatures vanquished

Notes
Turn   | Place    | Note
-------+----------+-------------------------------------------
     0 | D:1      | olmar the Gnoll Wanderer began the quest for the Orb.
     0 | D:1      | olmar set off with the following items: a +0 dagger, a
                  | potion of might, a +0 robe, a +0 buckler; and the following
                  | spells available to memorise: Shock, Summon Small Mammal,
                  | Cigotuvi's Dreadful Rot, Call Canine Familiar, Summon
                  | Lightning Spire.
     0 | D:1      | Reached XP level 1. HP: 13/13 MP: 4/4
    37 | D:1      | Learned a level 1 spell: Shock
   320 | D:1      | Reached XP level 2. HP: 19/19 MP: 1/5
   553 | D:1      | Found a faded altar of an unknown god.
  1248 | D:2      | Reached XP level 3. HP: 24/25 MP: 1/7
  1769 | D:2      | Reached skill level 1 in Invocations
  1770 | D:2      | Reached skill level 1 in Fighting
  1770 | D:2      | Reached skill level 1 in Short Blades
  1770 | D:2      | Reached skill level 1 in Long Blades
  1770 | D:2      | Reached skill level 1 in Axes
  1770 | D:2      | Reached skill level 1 in Maces & Flails
  1770 | D:2      | Reached skill level 1 in Polearms
  1770 | D:2      | Reached skill level 1 in Staves
  1770 | D:2      | Reached skill level 1 in Ranged Weapons
  1770 | D:2      | Reached skill level 1 in Throwing
  1770 | D:2      | Reached skill level 1 in Armour
  1770 | D:2      | Reached skill level 1 in Dodging
  1770 | D:2      | Reached skill level 1 in Unarmed Combat
  1770 | D:2      | Reached skill level 1 in Evocations
  1865 | D:2      | Reached XP level 4. HP: 28/32 MP: 8/8
  2260 | D:3      | Reached skill level 1 in Conjurations
  2260 | D:3      | Reached skill level 1 in Hexes
  2260 | D:3      | Reached skill level 1 in Necromancy
  2260 | D:3      | Reached skill level 1 in Translocations
  2260 | D:3      | Reached skill level 1 in Transmutations
  2260 | D:3      | Reached skill level 1 in Fire Magic
  2260 | D:3      | Reached skill level 1 in Ice Magic
  2260 | D:3      | Reached skill level 1 in Earth Magic
  2260 | D:3      | Reached skill level 1 in Poison Magic
  2326 | D:3      | Learned a level 1 spell: Summon Small Mammal
  2429 | D:3      | Reached XP level 5. HP: 22/37 MP: 0/9
  2441 | D:3      | HP: 1/37 [something (5)]
  2778 | D:3      | Found Kupeg's Armour Shoppe.
  2783 | D:3      | Bought a scarf of repulsion for 132 gold pieces
  3259 | D:4      | Reached XP level 6. HP: 18/44 MP: 7/11
  4333 | D:4      | Found a glowing golden altar of the Shining One.
  4404 | D:5      | Entered Level 5 of the Dungeon
  4447 | D:4      | Reached XP level 7. HP: 9/51 MP: 12/12
  4472 | D:5      | Found a staircase to the Ecumenical Temple.
  4483 | Temple   | Entered the Ecumenical Temple
  4552 | Temple   | Became a worshipper of Gozag Ym Sagoz the Greedy
  4700 | D:5      | Found a sparkling altar of Nemelex Xobeh.
  4708 | D:5      | Found a bloodstained altar of Trog.
  4708 | D:5      | Noticed Blork the orc
  4716 | D:5      | Killed Blork the orc
  4738 | D:5      | Found a glowing drain.
  4799 | Sewer    | Entered a sewer
  4907 | Sewer    | Got Beqiawaxt's Grimoire of Cleavage
  4990 | Sewer    | Noticed Pargi
  4997 | Sewer    | Killed Pargi
  4998 | Sewer    | Reached XP level 8. HP: 51/58 MP: 14/14
  5104 | D:5      | Found a runed translucent door.
  5105 | D:5      | Noticed Crazy Yiuf
  5491 | D:5      | Identified the +1 helmet of Dyspraxia {rCorr Str-2 Dex+7}
  5697 | D:6      | Learned a level 2 spell: Poisonous Vapours
  6782 | D:7      | Reached XP level 9. HP: 30/65 MP: 9/16
  6799 | D:7      | Found a sand-covered staircase.
  6805 | Ossuary  | Entered an ossuary
  6954 | Ossuary  | Reached skill level 5 in Spellcasting
  7072 | Ossuary  | Reached skill level 5 in Stealth
  7408 | Ossuary  | Reached skill level 5 in Invocations
  8315 | D:7      | Reached skill level 5 in Fighting
  8315 | D:7      | Reached skill level 5 in Short Blades
  8315 | D:7      | Reached skill level 5 in Long Blades
  8315 | D:7      | Reached skill level 5 in Axes
  8315 | D:7      | Reached skill level 5 in Maces & Flails
  8315 | D:7      | Reached skill level 5 in Polearms
  8315 | D:7      | Reached skill level 5 in Staves
  8315 | D:7      | Reached skill level 5 in Ranged Weapons
  8315 | D:7      | Reached skill level 5 in Throwing
  8315 | D:7      | Reached skill level 5 in Armour
  8315 | D:7      | Reached skill level 5 in Dodging
  8315 | D:7      | Reached skill level 5 in Unarmed Combat
  8315 | D:7      | Reached skill level 5 in Evocations
  8315 | D:7      | Reached XP level 10. HP: 72/74 MP: 18/18
  8386 | D:7      | Noticed a cyclops
  8418 | D:7      | Killed a cyclops
  8782 | D:8      | Found a burning altar of Makhleb.
  8844 | D:8      | Found a shadowy altar of Dithmenos.
  8904 | D:8      | Reached skill level 5 in Summonings
  9184 | D:8      | Noticed a two-headed ogre
 10604 | D:9      | Noticed a kobold demonologist
 11094 | D:8      | Learned a level 3 spell: Call Canine Familiar
 11109 | D:9      | Reached skill level 5 in Conjurations
 11109 | D:9      | Reached skill level 5 in Hexes
 11109 | D:9      | Reached skill level 5 in Necromancy
 11109 | D:9      | Reached skill level 5 in Translocations
 11109 | D:9      | Reached skill level 5 in Transmutations
 11109 | D:9      | Reached skill level 5 in Fire Magic
 11109 | D:9      | Reached skill level 5 in Ice Magic
 11109 | D:9      | Reached skill level 5 in Earth Magic
 11109 | D:9      | Reached skill level 5 in Poison Magic
 11109 | D:9      | Reached XP level 11. HP: 81/81 MP: 19/21
 11154 | D:9      | Noticed a soul eater
 11984 | D:10     | Entered Level 10 of the Dungeon
 11989 | D:10     | Found a radiant altar of Vehumet.
 12021 | D:10     | Noticed a sixfirhy
 12408 | D:10     | Noticed Joseph
 12429 | D:10     | Killed Joseph
 12862 | D:10     | Found a staircase to the Lair.
 13105 | D:10     | Got the Verses on Therianthropy
 13117 | D:10     | Learned a level 2 spell: Wereblood
 13121 | D:10     | Learned a level 3 spell: Vampiric Draining
 13173 | D:10     | Found a stormy altar of Qazlal.
 13191 | D:10     | Found a runed translucent gate.
 13191 | D:10     | Found a runed translucent gate.
 13191 | D:10     | Found a runed translucent gate.
 13192 | D:10     | Noticed Maggie
 13211 | D:10     | Killed Maggie
 13267 | D:10     | Found a staircase to the Orcish Mines.
 13460 | D:10     | Noticed Loveship's ghost (novice BaGl)
 13471 | D:11     | Noticed a cyclops
 13480 | D:10     | Killed a cyclops
 13576 | D:11     | Gained mutation: Your system is resistant to poisons.
                  | (rPois) [a neqoxec]
 13592 | D:11     | Noticed a two-headed ogre
 13607 | D:11     | Killed a two-headed ogre
 13859 | D:11     | Noticed Urug
 13898 | D:11     | Killed Urug
 13899 | D:11     | Reached XP level 12. HP: 81/91 MP: 4/23
 14375 | D:12     | Noticed a boulder beetle
 14393 | D:12     | Identified a scroll of acquirement
 14393 | D:12     | Acquired 1105 gold pieces
 14396 | D:12     | Bought a masterwork war axe for 289 gold pieces
 14396 | D:12     | Identified the +12 war axe of Pezotad {venom, rF+ rCorr
                  | SInv} (You bought it in a shop on level 12 of the Dungeon)
 14542 | D:12     | Bought the ring of Epno {+Blink AC+4 Str+3} for 900 gold
                  | pieces
 14681 | D:12     | Noticed an ice dragon
 14694 | D:12     | Killed an ice dragon
 14695 | D:12     | Reached skill level 10 in Shields
 14805 | D:12     | Killed a boulder beetle
 14826 | D:12     | Found a gate leading to a gauntlet.
 14837 | Gauntlet | Entered a Gauntlet
 14837 | Gauntlet | Found a transporter.
 14849 | Gauntlet | Found a transporter.
 14849 | Gauntlet | Found a transporter.
 14851 | Gauntlet | Found a transporter.
 14868 | Gauntlet | Found a transporter.
 14881 | Gauntlet | Found a transporter.
 14887 | Gauntlet | Found a transporter.
 14902 | Gauntlet | Found a transporter.
 14922 | Gauntlet | Found a transporter.
 14934 | Gauntlet | Found a transporter.
 14949 | Gauntlet | Found a transporter.
 14951 | Gauntlet | Noticed a quicksilver ooze
 14958 | Gauntlet | Found a transporter.
 14963 | Gauntlet | Noticed a sun demon
 14964 | Gauntlet | Found a transporter.
 14964 | Gauntlet | Found a transporter.
 14966 | Gauntlet | Found a transporter.
 14985 | Gauntlet | Found a transporter.
 15006 | Gauntlet | Found a transporter.
 15022 | Gauntlet | Found a transporter.
 15100 | Gauntlet | Noticed a thrashing horror
 15151 | Gauntlet | Reached skill level 10 in Air Magic
 15151 | Gauntlet | Reached XP level 13. HP: 92/99 MP: 25/25
 15190 | Gauntlet | Killed from afar by a death drake

Illustrated notes

Levels and vault maps discovered:
D:1:      lordsloth_arrival_two_stooges, layout_basic,
          shapermc_ecumenical_altar_pompeii
D:2:      layout_rooms
D:3:      layout_basic, serial_shops, shop_fountains
D:4:      layout_loops_cross, nicolae_tso_swordbearing_angel,
          nicolae_overflow_hidden_temple, cheibrodos_gnoll_hut
D:5:      layout_loops_cross, nemelex_diamond_rough_becter, bloody_trog,
          minmay_temple_entry_wispy, cheibrodos_sewer_entry_sluice,
          uniq_blork_the_orc, uniq_crazy_yiuf_cottage
D:6:      layout_basic, nicolae_sextant, kennysheep_generic_room_10
D:7:      layout_loops_corners, enter_ossuary_3, chequers_serial_rivers_small_a
D:8:      layout_basic, demons_altar, grunt_dithmenos_smoke
D:9:      layout_rooms, special_room [special_room_orc]
D:10:     layout_big_octagon, vehumet_crystals, mainiacjoe_overflow_paths,
          hellmonk_lair_entry_icy, gammafunk_ghost_necromancy, uniq_maggie,
          uniq_joseph
D:11:     layout_small_grid, uniq_urug
D:12:     layout_cave_pools, serial_column_ruins, column_ruins_hut,
          column_ruins_hut, column_ruins_corridor_straight,
          column_ruins_columns_straight, column_ruins_open_medium,
          column_ruins_columns_dead_end, column_ruins_corridor_straight,
          column_ruins_corridor_water, gauntlet_entry_generic,
          minmay_hidden_floor
Temple:   nicolae_temple_superstar
Gauntlet: gammafunk_gauntlet_one_two_three [gammafunk_gauntlet_arena_teeth,
          nicolae_gauntlet_arena_blocks, nicolae_gauntlet_arena_flowing_pool,
          gammafunk_gauntlet_arena_corners, nicolae_gauntlet_arena_quarters,
          nicolae_gauntlet_arena_t_cross, gammafunk_gauntlet_arena_spirals,
          gammafunk_gauntlet_arena_grid, gammafunk_gauntlet_arena_crates,
          dreamdust_gauntlet_exit_labyrinth]

Skill      XL: |  1  2  3  4  5  6  7  8  9 10 11 12 |
---------------+-------------------------------------+-----
Summonings     | 2 3 4 5 6 7 |  7.3
Invocations    | 1 2 3 4 5 6 7 9 |  9.1
Fighting       | 1 2 3 5 6 7 8 |  8.3
Short Blades   | 1 2 3 5 6 7 8 |  8.3
Long Blades    | 1 2 3 5 6 7 8 |  8.3
Axes           | 1 2 3 5 6 7 8 |  8.3
Maces & Flails | 1 2 3 5 6 7 8 |  8.3
Polearms       | 1 2 3 5 6 7 8 |  8.3
Staves         | 1 2 3 5 6 7 8 |  8.3
Ranged Weapons | 1 2 3 5 6 7 8 |  8.3
Throwing       | 1 2 3 5 6 7 8 |  8.3
Armour         | 1 2 3 5 6 7 8 |  8.3
Dodging        | 1 2 3 5 6 7 8 |  8.3
Unarmed Combat | 1 2 3 5 6 7 8 |  8.3
Evocations     | 1 2 3 5 6 7 8 |  8.3
Spellcasting   | 3 4 5 6 7 8 |  8.9
Conjurations   | 1 2 3 4 5 6 |  6.9
Hexes          | 1 2 3 4 5 6 |  6.9
Necromancy     | 1 2 3 4 5 6 |  6.9
Translocations | 1 2 3 4 5 6 |  6.9
Transmutations | 1 2 3 4 5 6 |  6.9
Fire Magic     | 1 2 3 4 5 6 |  6.9
Ice Magic      | 1 2 3 4 5 6 |  6.9
Earth Magic    | 1 2 3 4 5 6 |  6.9
Poison Magic   | 1 2 3 4 5 6 |  6.9
Stealth        | 3 4 5 6 7 8 |  8.7
Shields        | 7 8 9 10 | 10.6
Air Magic      | 8 9 10 | 10.0

Action                     |  1- 3 |  4- 6 |  7- 9 | 10-12 | 13-15 || total
---------------------------+-------+-------+-------+-------+-------++-------
  Melee: Dagger            |    66 |   167 |   227 |   379 |       ||   839
         Bite              |     6 |    24 |    56 |    91 |       ||   177
         Flail             |       |       |   160 |    16 |       ||   176
         Scimitar          |       |       |       |    59 |       ||    59
         War axe           |       |       |       |    83 |     3 ||    86
  Throw: Dart              |       |     5 |     1 |     9 |       ||    15
   Cast: Shock             |    38 |    38 |    17 |    30 |       ||   123
         Poisonous Vapours |       |       |    22 |   111 |       ||   133
         Summon Small Mamm |       |       |    24 |    62 |     1 ||    87
         Call Canine Famil |       |       |       |    39 |     2 ||    41
         Vampiric Draining |       |       |       |    11 |     2 ||    13
         Wereblood         |       |       |       |     2 |       ||     2
 Invoke: Potion Petition   |       |       |       |     2 |       ||     2
         Call Merchant     |       |       |       |     2 |       ||     2
  Evoke: Wand              |       |       |     4 |    22 |     3 ||    29
    Use: Potion            |       |     6 |     3 |     7 |     1 ||    17
         Scroll            |       |     1 |     9 |    13 |       ||    23
   Stab: Sleeping          |     1 |     3 |    10 |     7 |       ||    21
         Distracted        |       |       |     2 |     7 |       ||     9
         Invisible         |       |       |       |     3 |       ||     3
 Armour: Robe              |     8 |    18 |    46 |    87 |     9 ||   168
  Dodge: Dodged            |    29 |    84 |   286 |   407 |    27 ||   833
         Repelled          |       |       |     3 |     7 |       ||    10
  Block: Buckler           |    18 |    58 |   143 |   298 |    14 ||   531
